 Dungeon Crawl Stone Soup version 0.31-a0-868-g674d60d6f7 (webtiles) character file.

Game seed: 303647634795206585

43195 sXerra the Brawler (level 13, -23/133 HPs)
             Began as a Troll Fighter on Oct 5, 2023.
             Was a High Priest of Trog.
             Annihilated by a white ugly thing (39 damage)
             ... on level 15 of the Dungeon on Oct 11, 2023.
             The game lasted 01:22:38 (19473 turns).

sXerra the Brawler (Troll Fighter)                 Turns: 19473, Time: 01:22:39

Health: -23/133    AC: 16    Str: 31    XL:     13   Next: 89%
Magic:  0/10       EV: 10    Int:  4    God:    Trog [*****.]
Gold:   1088       SH: 12    Dex: 12    Spells: 12/12 levels left

rFire   + +          +
                       - Unarmed
rCold   x . .        b - +1 kite shield
rNeg    . . .        U - +2 fire dragon scales
rPois   .            (helmet restricted)
rElec   .            R - +1 cloak {Will+}
rCorr   .            (gloves unavailable)
SInv    +            (boots unavailable)
Will    ++...        O - amulet of Ezxaev {Spirit Contam Regen+ Dex+3} Stlth
                     G - ring of the First Realms {rF+ Will+}
HPRegen 2.02/turn    L - ring of see invisible
MPRegen 0.12/turn

%: guardian spirit
@: about to teleport, studying Stealth
A: large, unfitting armour, claws 3, regeneration 1, shaggy fur 1, tough skin 1,
iridescent scales 1, low MP 1, sense surroundings 1
a: Renounce Religion, Berserk, Trog's Hand, Brothers in Arms


You were on level 15 of the Dungeon.
You worshipped Trog.
Trog was extremely pleased with you.
You visited 2 branches of the dungeon, and saw 16 of its levels.
You also visited: Gauntlet.

You collected 1088 gold pieces.

Inventory:

Hand Weapons
 c - the +1 battleaxe of Iconoclasm {heavy, *Rage rF++ Dex+3 Stlth+}
   (You found it on level 13 of the Dungeon)

   Dex+3:     It affects your dexterity (+3).
   rF++:      It greatly protects you from fire.
   *Rage:     It berserks you when you make melee attacks (+20% chance).
   Stlth+:    It makes you more stealthy.
 B - the +6 hammer of Deodghun {speed, rN++ Int+3}
   (You found it on level 7 of the Dungeon)

   Int+3:     It affects your intelligence (+3).
   rN++:      It greatly protects you from negative energy.
 W - the +4 war axe of the Morning {antimagic, Contam Str+5}
   (You found it in a Gauntlet)

   Str+5:     It affects your strength (+5).
   Contam:    It causes magical contamination when unequipped.
Armour
 b - a +1 kite shield (worn)
 R - a +1 cloak of willpower (worn)
 U - +2 fire dragon scales (worn)
Jewellery
 i - a ring of flight
 j - a +6 ring of dexterity
 r - an amulet of guardian spirit
 u - a ring of protection from cold
 x - a ring of magical power
 A - a ring of resist corrosion
 F - an amulet of regeneration
 G - the ring of the First Realms (left claw) {rF+ Will+}
   (You took it off a minotaur in a Gauntlet)

   [ring of protection from fire]

   rF+:       It protects you from fire.
   Will+:     It increases your willpower.
 L - a ring of see invisible (right claw)
 N - a ring of fire
 O - the amulet of Ezxaev (around neck) {Spirit Contam Regen+ Dex+3}
   (You found it in a Gauntlet)

   [amulet of guardian spirit]

   Spirit:    It causes incoming damage to be divided between your reserves of
   health and magic.
   Dex+3:     It affects your dexterity (+3).
   Contam:    It causes magical contamination when unequipped.
   Regen+:    It increases your rate of health regeneration.
 P - a ring of protection from cold
 S - a ring of willpower
 T - a ring of ice
Talismans
 t - a serpent talisman
Wands
 d - a wand of flame (42)
 p - a wand of paralysis (14)
 q - a wand of roots (11)
 M - a wand of light (2) (quivered)
Scrolls
 e - a scroll of brand weapon
 f - 7 scrolls of teleportation
 g - a scroll of torment
 h - a scroll of enchant weapon
 k - 2 scrolls of fear
 l - 4 scrolls of poison
 o - 2 scrolls of blinking
 s - a scroll of immolation
 v - a scroll of noise {unknown}
 y - a scroll of vulnerability
 z - 2 scrolls of identify
 C - a scroll of amnesia
Potions
 a - 2 potions of haste
 m - 3 potions of might
 n - 3 potions of degeneration
 w - a potion of curing
 E - 2 potions of brilliance
 I - 3 potions of lignification
 K - a potion of mutation
 Q - a potion of heal wounds
Miscellaneous
 Z - a phantom mirror


   Skills:
 + Level 9.9 Fighting
 + Level 9.9 Dodging
 + Level 10.8 Shields
 * Level 15.1 Unarmed Combat


You had 12 spell levels left.
You didn't know any spells.
Your spell library contained the following spells:

 Spells                   Type           Power      Damage    Failure   Level
 Magic Dart               Conj           0%         1d3       91%         1
 Call Imp                 Summ           0%         N/A       97%         2
 Mephitic Cloud           Conj/Pois/Air  0%         N/A       100%        3


Dungeon Overview and Level Annotations

Branches:
Dungeon (15/15)            Temple (1/1) D:5            Lair (0/5) D:8
    Orc (0/2) D:10         Vaults (0/5) D:14        Gauntlet (visited)
 Depths: D:15

Altars:
Ashenzari
Cheibriados
Dithmenos
Elyvilon
Fedhas
Gozag
Hepliaklqana
Kikubaaqudgha
Makhleb
Nemelex Xobeh
Okawaru
Qazlal
Ru
Sif Muna
Trog
Uskayaw
Vehumet
Wu Jian
Xom
Yredelemnul
Zin
The Shining One

Shops:
D:1 ?   D:4 *   D:5 [   D:6 [*![   D:10 [

Portals:
Trove: D:10 (give +4 ice dragon scales)

Annotations:
D:4 ScrombusTheWizard's ghost, novice DjIE


Innate Abilities, Weirdness & Mutations

You are too large for most types of armour.
You have claws for hands.
Your natural rate of healing is unusually fast.
You are covered in fur. (AC +1)
You have tough skin. (AC +1)
You are partially covered in iridescent scales. (AC +2)
Your magical capacity is low. (-10% MP)
You passively map a small area around you.


Message History

The purple ugly thing is moderately wounded.
You claw the purple ugly thing!
The purple ugly thing is moderately wounded.
A white ugly thing comes into view.
You eviscerate the purple ugly thing!!!
The purple ugly thing is almost dead.
The white ugly thing basks in the mutagenic energy from its kin and changes!
The purple ugly thing basks in the mutagenic energy from its kin and changes!
You closely miss the cyan ugly thing.
The cyan ugly thing is almost dead.
The cyan ugly thing basks in the mutagenic energy from its kin and changes!
The white ugly thing basks in the mutagenic energy from its kin and changes!
You barely miss the cyan ugly thing.
The cyan ugly thing is almost dead.
You barely miss the cyan ugly thing.
The cyan ugly thing is almost dead.
The cyan ugly thing trunk-slaps you. The cyan ugly thing shocks you!
You scratch the cyan ugly thing.
The cyan ugly thing is almost dead.
You block the cyan ugly thing's attack.
You scratch the cyan ugly thing but do no damage.
The cyan ugly thing is almost dead.
The white ugly thing headbutts you but does no damage.
The cyan ugly thing trunk-slaps you. The cyan ugly thing shocks you!
You closely miss the cyan ugly thing.
The cyan ugly thing is almost dead.
The green ugly thing basks in the mutagenic energy from its kin and changes!
The white ugly thing headbutts you! The white ugly thing freezes you!!
You feel a terrible chill!
As you read the scroll of teleportation, it crumbles to dust.
You feel strangely unstable. You block the cyan ugly thing's attack.
The white ugly thing headbutts you. The white ugly thing freezes you!!
You feel a terrible chill!
* * * LOW HITPOINT WARNING * * *
The cyan ugly thing barely misses you. The white ugly thing barely misses you.
The white ugly thing attacks as it pursues you!
The white ugly thing headbutts you!
* * * LOW HITPOINT WARNING * * *
The white ugly thing freezes you!!!
You feel a terrible chill!
You die...

* ~~ ≈≈~(. ,** .
, * ~ ~≈~... * *
**#... ,,
#.########## * *
#..........# *
#..........# *
#..........# #
#####..........#
#
#....@.........#
#
#...uu.........#
#....u.........#
*
#####u##...#####
.#######†##...#
uuu..u...##...#
#
.##########...#
# * * #...# # ,
,,, +...# #


You could see 4 ugly things.

Vanquished Creatures
  Nessos (D:14)
  A minotaur (Gauntlet)
  Josephine (D:10)
  4 centaur warriors
  A hydra (D:13)
  5 two-headed ogres
  2 tengu warriors (D:14)
  2 boulder beetles (D:11)
  Urug (D:10)
  3 skeletal warriors (D:14)
  Lodul (D:14)
  A sixfirhy (Gauntlet)
  An orc knight (D:14)
  Pikel (D:6)
  8 ugly things
  6 deep elf pyromancers
  3 manticores
  5 cyclopes
  An apocalypse crab (Gauntlet)
  Joseph (D:12)
  3 gargoyles
  A torpor snail (Gauntlet)
  A komodo dragon (D:8)
  An unseen horror (D:11)
  A tengu conjurer (D:15)
  3 meliai (D:14)
  2 trolls (D:12)
  A hornet (D:10)
  Prince Ribbit (D:6)
  2 shadows
  10 slime creatures
  6 wraiths (D:10)
  Sigmund (D:2)
  2 vampires
  23 yaks
  A wyvern (D:9)
  16 humans (D:14)
  3 basilisks
  14 vampire mosquitoes
  Menkaure (D:7)
  A steam dragon (D:9)
  A water moccasin (D:6)
  3 orc warriors
  3 sky beasts (D:7)
  A black bear (D:7)
  2 ice beasts (D:5)
  4 ogres
  6 centaurs
  2 phantoms (D:6)
  2 kobold brigands
  6 bullfrogs
  A gnoll sergeant (D:9)
  A scorpion (D:7)
  9 wights
  8 killer bees
  An electric eel (D:10)
  A howler monkey (D:9)
  A centaur zombie (D:6)
  3 quasits (D:4)
  5 jellies
  A centaur skeleton (D:6)
  4 orc priests
  Crazy Yiuf (D:7)
  A hound (D:6)
  3 sleepcaps
  8 iguanas
  Terence (D:2)
  7 orc wizards
  Robin (D:2)
  13 adders
  5 gnolls
  4 shadow imps
  4 white imps
  4 ufetubi
  A worm (D:4)
  3 dart slugs
  39 orcs
  A bat (D:2)
  5 endoplasms
  8 giant cockroaches
  10 goblins
  8 hobgoblins
  2 jackals (D:5)
  3 quokkas
  3 ball pythons
  7 frilled lizards
  13 kobolds
  3 rats
366 creatures vanquished.

Vanquished Creatures (others)
  A wizard (D:15)
1 creature vanquished.

Grand Total: 367 creatures vanquished

Notes
Turn   | Place    | Note
-------+----------+-------------------------------------------
     0 | D:1      | sXerra the Troll Fighter began the quest for the Orb.
     0 | D:1      | Reached XP level 1. HP: 22/22 MP: 0/0
   227 | D:1      | Reached XP level 2. HP: 29/29 MP: 1/1
   326 | D:1      | Found Hanotar's Magic Scroll Emporium.
   705 | D:2      | Noticed Robin
   724 | D:2      | Killed Robin
   725 | D:2      | Reached XP level 3. HP: 27/36 MP: 2/2
   807 | D:2      | Noticed Terence
   808 | D:2      | Noticed Sigmund
   818 | D:2      | Killed Terence
   896 | D:2      | Killed Sigmund
   897 | D:2      | Reached skill level 3 in Unarmed Combat
   897 | D:2      | Reached XP level 4. HP: 19/45 MP: 3/3
   897 | D:2      | Reached XP level 5. HP: 23/53 MP: 4/4
  2009 | D:3      | Reached XP level 6. HP: 55/61 MP: 5/5
  2273 | D:3      | Found a white marble altar of Elyvilon.
  6750 | D:4      | Found Ysiop's Neck Hole.
  6758 | D:4      | Found a transporter.
  6876 | D:4      | Found a transporter.
  6887 | D:4      | Noticed ScrombusTheWizard's ghost (novice DjIE)
  7266 | D:4      | Reached skill level 4 in Unarmed Combat
  7471 | D:5      | Entered Level 5 of the Dungeon
  7480 | D:5      | Reached XP level 7. HP: 41/68 MP: 2/6
  7557 | D:5      | Found Ixisys's Antique Armour Emporium.
  7899 | D:5      | Reached skill level 5 in Shields
  7915 | D:5      | Gained mutation: You are partially covered in large bone
                  | plates. (SH +4) [potion of mutation]
  7941 | D:5      | Lost mutation: You are partially covered in large bone
                  | plates. (SH +4) [potion of mutation]
  7941 | D:5      | Gained mutation: You are partially covered in iridescent
                  | scales. (AC +2) [potion of mutation]
  7941 | D:5      | Gained mutation: Your magical capacity is low. (-10% MP)
                  | [potion of mutation]
  7941 | D:5      | Gained mutation: You passively map a small area around you.
                  | [potion of mutation]
  7972 | D:5      | Reached XP level 8. HP: 79/79 MP: 6/6
  7981 | D:5      | Reached skill level 5 in Unarmed Combat
  8145 | D:5      | Found a staircase to the Ecumenical Temple.
  8200 | Temple   | Entered the Ecumenical Temple
  8233 | Temple   | Became a worshipper of Trog the Wrathful
  8329 | D:6      | Found Emih's Armour Boutique.
  8344 | D:6      | Found Eczoij's Distillery.
  8489 | D:6      | Found Loseschu's Assorted Antiques.
  8562 | D:6      | Noticed Pikel
  8579 | D:6      | Killed Pikel
  8580 | D:6      | Reached skill level 5 in Fighting
  8580 | D:6      | Reached skill level 5 in Dodging
  8580 | D:6      | Reached skill level 6 in Unarmed Combat
  8704 | D:6      | Noticed Prince Ribbit
  8724 | D:6      | Found Huep's Armour Shoppe.
  8726 | D:6      | Killed Prince Ribbit
  8727 | D:6      | Reached XP level 9. HP: 57/88 MP: 4/7
  8809 | D:6      | Found a glowing golden altar of the Shining One.
  8823 | D:6      | Reached skill level 7 in Unarmed Combat
  8887 | D:6      | Reached skill level 8 in Unarmed Combat
  8994 | D:6      | Reached * piety under Trog
  9087 | D:6      | Found a stormy altar of Qazlal.
  9507 | D:7      | Noticed Menkaure
  9514 | D:7      | Killed Menkaure
  9572 | D:7      | Reached XP level 10. HP: 98/98 MP: 6/8
  9573 | D:7      | Noticed a cyclops
  9582 | D:7      | Killed a cyclops
  9630 | D:7      | Reached skill level 9 in Unarmed Combat
 10019 | D:7      | Reached ** piety under Trog
 10095 | D:7      | Found a runed translucent door.
 10096 | D:7      | Noticed Crazy Yiuf
 10178 | D:7      | Killed Crazy Yiuf
 10184 | D:7      | Identified the +6 hammer of Deodghun {speed, rN++ Int+3}
 10881 | D:8      | Reached skill level 10 in Unarmed Combat
 11035 | D:8      | Noticed a centaur warrior
 11040 | D:8      | Killed a centaur warrior
 11134 | D:8      | Found a staircase to the Lair.
 11311 | D:9      | Reached XP level 11. HP: 109/109 MP: 8/8
 11377 | D:9      | Reached *** piety under Trog
 11602 | D:9      | Identified the -2 pair of boots "Wiasaic" {*Slow rElec rN+}
 12096 | D:10     | Entered Level 10 of the Dungeon
 12096 | D:10     | Noticed Josephine
 12216 | D:10     | Found a portal to a secret trove of treasure.
 12380 | D:10     | Found an iron altar of Okawaru.
 12424 | D:10     | Found an ancient bone altar of Kikubaaqudgha.
 12451 | D:10     | Found a shimmering blue altar of Sif Muna.
 12455 | D:10     | Found a radiant altar of Vehumet.
 12498 | D:10     | Found a hide-covered altar of Uskayaw.
 12764 | D:10     | Found Neededd's Antique Armour Shoppe.
 12944 | D:10     | Noticed Urug
 12965 | D:10     | Killed Urug
 12970 | D:10     | Reached skill level 11 in Unarmed Combat
 12997 | D:10     | Killed Josephine
 13057 | D:10     | Reached **** piety under Trog
 13070 | D:10     | Found a staircase to the Orcish Mines.
 13208 | D:11     | Noticed a boulder beetle
 13217 | D:11     | Killed a boulder beetle
 13335 | D:11     | Noticed a two-headed ogre
 13344 | D:11     | Killed a two-headed ogre
 13456 | D:11     | Noticed a boulder beetle
 13471 | D:11     | Killed a boulder beetle
 13990 | D:12     | Noticed a centaur warrior
 13992 | D:12     | Noticed a deep elf pyromancer
 14004 | D:12     | Killed a centaur warrior
 14004 | D:12     | Noticed a deep elf pyromancer
 14007 | D:12     | Killed a deep elf pyromancer
 14008 | D:12     | Reached skill level 12 in Unarmed Combat
 14017 | D:12     | Reached XP level 12. HP: 111/119 MP: 9/9
 14251 | D:12     | Noticed Joseph
 14279 | D:12     | Killed Joseph
 15525 | D:13     | Noticed a centaur warrior
 15538 | D:13     | Killed a centaur warrior
 15617 | D:13     | Reached skill level 13 in Unarmed Combat
 15641 | D:13     | Found a gate leading to a gauntlet.
 15654 | Gauntlet | Entered a Gauntlet
 15654 | Gauntlet | Found a transporter.
 15663 | Gauntlet | Found a transporter.
 15680 | Gauntlet | Found a transporter.
 15691 | Gauntlet | Found a transporter.
 15707 | Gauntlet | Found a transporter.
 15720 | Gauntlet | Found a transporter.
 15729 | Gauntlet | Noticed a quicksilver ooze
 15732 | Gauntlet | Found a transporter.
 15737 | Gauntlet | Found a transporter.
 15754 | Gauntlet | Found a transporter.
 15764 | Gauntlet | Found a runed translucent door.
 15765 | Gauntlet | Found a transporter.
 15765 | Gauntlet | Found a transporter.
 15766 | Gauntlet | Found a runed translucent door.
 15817 | Gauntlet | Found a transporter.
 15819 | Gauntlet | Found a transporter.
 15830 | Gauntlet | Found a transporter.
 15995 | Gauntlet | Identified the amulet of Ezxaev {Spirit Contam Regen+
                  | Dex+3}
 16072 | Gauntlet | Identified the ring of the First Realms {rF+ Will+}
 16072 | Gauntlet | Noticed a minotaur
 16094 | Gauntlet | Killed a minotaur
 16112 | Gauntlet | Identified the +4 war axe of the Morning {antimagic, Contam
                  | Str+5}
 16464 | D:13     | Identified the +1 battleaxe of Iconoclasm {heavy, *Rage
                  | rF++ Dex+3 Stlth+}
 16511 | D:13     | Noticed a centaur warrior
 16520 | D:13     | Killed a centaur warrior
 16542 | D:13     | Noticed a two-headed ogre
 16546 | D:13     | Killed a two-headed ogre
 16567 | D:13     | Noticed a six-headed hydra
 16618 | D:13     | Noticed a two-headed ogre
 16627 | D:13     | Killed a two-headed ogre
 17391 | D:13     | Killed a ten-headed hydra
 17632 | D:14     | Reached XP level 13. HP: 92/131 MP: 7/10
 17659 | D:14     | Reached skill level 10 in Shields
 17693 | D:14     | Upgraded the game from 0.31-a0-851-g7ff8af7976 to
                  | 0.31-a0-868-g674d60d6f7
 17924 | D:14     | Noticed Lodul
 17926 | D:14     | Noticed Nessos
 17928 | D:14     | Reached skill level 14 in Unarmed Combat
 17956 | D:14     | Killed Nessos
 17973 | D:14     | Killed Lodul
 18001 | D:14     | Found a gate to the Vaults.
 18060 | D:14     | Reached ***** piety under Trog
 18939 | D:15     | Entered Level 15 of the Dungeon
 19243 | D:15     | Reached skill level 15 in Unarmed Combat
 19294 | D:15     | Paralysed by a floating eye for 2 turns
 19301 | D:15     | HP: 4/133 [cyan ugly thing (11)]
 19473 | D:15     | Annihilated by a white ugly thing

Illustrated notes

Levels and vault maps discovered:
D:1:      matt_arrival_los_fun, layout_rooms, serial_shops, shop,
          dk_noncrumbling_3
D:2:      layout_loops_corners, uniq_robin, uniq_terence, uniq_sigmund
D:3:      layout_basic, mainiacjoe_overflow_surrounded_room,
          gup_sewer_entry_spiral
D:4:      layout_basic, gammafunk_ghost_stat_death,
          nicolae_shop_sticking_my_neck_out
D:5:      layout_loops_ring, minmay_temple_entry_enclosed_plants, serial_shops,
          shop
D:6:      layout_gridville, mainiacjoe_overflow_alcove_1,
          mainiacjoe_overflow_concentric_impassable, serial_undead,
          serial_undead_d, serial_undead_c, serial_undead_b, serial_undead_e,
          serial_shops, nicolae_shop_trees, nicolae_shop_stone,
          nicolae_shop_window_shopping, nicolae_square_shop,
          uniq_prince_ribbit1, uniq_pikel
D:7:      layout_basic, minmay_alternating_orb, uniq_crazy_yiuf_cottage,
          uniq_menkaure
D:8:      layout_basic, david_lair_shrubbed, kennysheep_just_a_vault
D:9:      layout_irregular_city
D:10:     layout_roguey, grunt_temple_overflow_magic_moments,
          kennysheep_okawaru_gauntlet, nicolae_overflow_crystal_walls,
          david_orc_2, serial_shops, shop, enter_trove_2, minivault_14,
          uniq_erica, uniq_urug, uniq_josephine
D:11:     layout_long_grid
D:12:     layout_basic, grunt_ministairs_6, minmay_sticks_and_stones
D:13:     layout_irregular_city, gauntlet_entry_generic,
          chequers_serial_rivers_room_a
D:14:     layout_loops_corners, david_vaults_3, minivault_24, uniq_nessos
D:15:     gammafunk_enter_depths_forms, layout_basic,
          nicolae_dithmenos_through_a_glass_darkly
Temple:   nicolae_temple_bog_church

Skill      XL: |  1  2  3  4  5  6  7  8  9 10 11 12 13 |
---------------+----------------------------------------+-----
Shields        | 3 4 5 6 7 8 9 10 | 10.8
Fighting       | 3 4 5 6 7 8 9 |  9.9
Dodging        | 3 4 5 6 7 8 9 |  9.9
Unarmed Combat | 3 4 6 8 10 12 13 15 | 15.1

Action                     |  1- 3 |  4- 6 |  7- 9 | 10-12 | 13-15 || total
---------------------------+-------+-------+-------+-------+-------++-------
  Melee: Unarmed           |    66 |   172 |   245 |   662 |   257 ||  1402
  Throw: Throwing net      |       |       |       |     1 |       ||     1
 Invoke: Trog's Hand       |       |       |       |     2 |     1 ||     3
Ability: Begin Untransform |       |       |       |     1 |       ||     1
  Evoke: Wand              |       |       |       |     7 |    10 ||    17
    Use: Potion            |     1 |     5 |     2 |     5 |       ||    13
         Scroll            |       |     8 |     5 |    15 |     3 ||    31
   Stab: Sleeping          |       |       |     3 |     1 |       ||     4
         Invisible         |       |       |       |     1 |     2 ||     3
 Armour: Robe              |    45 |   145 |   107 |   337 |       ||   634
         Fire dragon scale |       |       |       |    71 |   147 ||   218
  Dodge: Dodged            |    33 |    86 |    53 |   221 |    48 ||   441
  Block: Kite shield       |     4 |    44 |    90 |   370 |   122 ||   630
   Form: Anaconda          |       |       |       |     1 |       ||     1

Table legend: (Time is in decaauts)
 A = Elapsed time spent in this place.
 B = Non-inter-level travel time spent in this place.
 C = Inter-level travel time spent in this place.
 D = Time resting spent in this place.
 E = Time spent auto-exploring this place.
 F = Levels seen in this place.
 G = Mean time per level.
                   A        B        C        D        E       F      G
               +--------+--------+--------+--------+--------+-----+--------+
         Total |  19351 |  16068 |   3283 |   4989 |   6106 |  17 | 1138.3 |
       Dungeon |  18840 |  15557 |   3283 |   4972 |   5897 |  15 | 1256.0 |
        Temple |     52 |     52 |      0 |      0 |      0 |   1 |   52.0 |
      Gauntlet |    458 |    458 |      0 |     17 |    209 |   1 |  458.0 |
               +--------+--------+--------+--------+--------+-----+--------+

Top non-repeatable levels by time:
     D:4: 4810 daAuts
    D:13: 1811 daAuts
    D:14: 1351 daAuts
    D:12: 1322 daAuts
    D:10: 1095 daAuts
     D:3: 1077 daAuts
     D:8: 1064 daAuts
     D:6: 1060 daAuts
     D:2: 1048 daAuts
     D:7: 850 daAuts
    D:11: 795 daAuts
     D:9: 781 daAuts
     D:5: 718 daAuts
     D:1: 595 daAuts
Gauntlet: 458 daAuts
